 Dungeon Sprint DCSS version 0.21.1-1-g345015f (webtiles) character file.

4560 wilfster70 the Covert (level 10, -3/82 HPs)
             Began as a Gnoll Enchanter on Feb 23, 2018.
             Was a Priest of Dithmenos.
             Slain by a demonic crawler (10 damage)
             ... in the Dungeon (Sprint I: "Red Sonja").
             The game lasted 00:07:23 (1508 turns).

wilfster70 the Covert (Gnoll Enchanter)             Turns: 1508, Time: 00:07:24

Health: -3/82      AC:  6    Str: 10    XL:     10   Next: 40%
Magic:  24/24      EV: 19    Int: 24    God:    Dithmenos [***...]
Gold:   700        SH:  0    Dex: 16    Spells: 23/29 levels left

rFire    . . .     SeeInvis .   a - +10 dagger "Rapoehot" {drain, MR+}
rCold    . . .     Gourm    .   (no shield)
rNeg     . . .     Faith    .   b - +0 robe
rPois    .         Spirit   .   e - +2 helmet {Int+3}
rElec    .         Reflect  .   (no cloak)
rCorr    .         Harm     .   (no gloves)
MR       +....     NoTele   +   (no boots)
Stlth    +++++++...             (no amulet)
HPRegen  0.23/turn              (no ring)
MPRegen  0.19/turn              (no ring)

@: wreathed by umbra
A: distributed training, fangs 1, strong nose
a: Shadow Step, Renounce Religion


You were in the Dungeon.
You worshipped Dithmenos.
Dithmenos was most pleased with you.
You were not hungry.

You visited 1 branch You collected 1008 gold pieces.
You spent 308 gold pieces at shops.

Inventory:

Hand Weapons
 a - the +10 dagger "Rapoehot" (weapon) {drain, MR+}
   (You found it in the Dungeon)

   A truly terrible weapon, it drains the life of those it strikes.
   It affects your resistance to hostile enchantments.
 m - the +1 whip "Laotadgh" {drain, Int+9}
   (You found it in the Dungeon)

   A truly terrible weapon, it drains the life of those it strikes.
   It affects your intelligence (+9).
Armour
 b - a +0 robe (worn)
 e - a +2 helmet of intelligence (worn)
Wands
 i - a wand of random effects (22)
Scrolls
 f - a scroll of identify {unknown}
 j - a scroll of blinking
 k - a scroll of silence {unknown}
Potions
 g - a potion of haste
 h - 2 potions of magic
 l - a potion of might {unknown}
 n - a potion of heal wounds
 o - 2 potions of curing
Books
 c - a book of Maledictions

   Spells                             Type                      Level
   a - Corona                         Hexes                        1
   b - Ensorcelled Hibernation        Hexes/Ice                    2
   c - Confuse                        Hexes                        3
   d - Tukima's Dance                 Hexes                        3
   e - Dazzling Spray                 Conjuration/Hexes            3
Comestibles
 d - a ration


   Skills:
 + Level 8.8 Fighting
 + Level 9.2 Short Blades
 + Level 8.8 Long Blades
 + Level 8.8 Axes
 + Level 8.8 Maces & Flails
 + Level 8.8 Polearms
 + Level 8.8 Staves
 + Level 8.8 Slings
 + Level 8.8 Bows
 + Level 8.8 Crossbows
 + Level 8.8 Throwing
 + Level 8.8 Armour
 + Level 9.9 Dodging
 + Level 10.6 Stealth
 + Level 8.8 Shields
 + Level 8.8 Unarmed Combat
 + Level 10.1 Spellcasting
 + Level 7.3 Conjurations
 + Level 9.2 Hexes
 + Level 7.3 Charms
 + Level 7.3 Summonings
 + Level 7.3 Necromancy
 + Level 7.3 Translocations
 + Level 7.3 Transmutations
 + Level 7.3 Fire Magic
 + Level 7.3 Ice Magic
 + Level 7.3 Air Magic
 + Level 7.3 Earth Magic
 + Level 7.3 Poison Magic
 + Level 9.6 Invocations
 + Level 8.8 Evocations


You had 23 spell levels left.
You knew the following spells:

 Your Spells              Type           Power        Failure   Level  Hunger
a - Corona                Hex            ######.      1%          1    None
b - Ensorcelled Hibernat  Hex/Ice        ######       1%          2    None
c - Confuse               Hex            ######..     1%          3    None


Dungeon Overview and Level Annotations

Branches:
Dungeon (1/1)

Altars:
Cheibriados
Dithmenos
Elyvilon
Fedhas
Gozag
Hepliaklqana
Kikubaaqudgha
Makhleb
Nemelex Xobeh
Okawaru
Qazlal
Ru
Sif Muna
Trog
Uskayaw
Vehumet
Wu Jian
Xom
Yredelemnul
Zin
The Shining One
Jiyva
Lugonu

Shops:
D *:[


Innate Abilities, Weirdness & Mutations

Your experience applies equally to all skills.
You have very sharp teeth.
Your uncanny sense of smell can sniff out nearby items.


Message History

There is an open door here.
The demonic crawler barely misses you. The demonic crawler misses you.
The demonic crawler closely misses you.
There is an open door here.
There is an open door here.
You see here 12 bolts.
The demonic crawler barely misses you.
The demonic crawler completely misses you.
The demonic crawler misses you. The demonic crawler hits you.
* * * LOW HITPOINT WARNING * * *
The demonic crawler completely misses you.
The demonic crawler hits you.
* * * LOW HITPOINT WARNING * * *
There is an open door, spattered with blood here.
You see here 2 curare-tipped needles.
The demonic crawler hits you!
* * * LOW HITPOINT WARNING * * *
The demonic crawler hits you!
You die...

#..#####'#####'#__####...'..#∆
#..####..#...#(####§§#####..+∆
#..#__####..##.#≈§≈§§#..# +##
#..#_____##'#s.'≈≈§§§§.†#
#⌠⌠#_.∩...)..._#§§§§§#..#
####_..__##_s#'##§#####'###
∆∆#_____###'#[#.(..###.+.#
############s####§###/###.#
#∩........'..s@.....'.∩##§#
###++++####..(###########.# ∆
###.###.....§§##.# ∆ ∆
#.#'#.#.{......§†# ∆
#.....#+++######.#∆∆ ∆ #.()[.#
JJ§...#.# ####### #'.#∆∆∆ ∆∆∆∆
####∆ ∆∆∆ ∆∆∆


You could see 2 demonic crawlers.

Vanquished Creatures
  2 centaur warriors (D)
  Sonja (D)
  A deep troll (D)
  An oklob plant (D)
  2 kobold demonologists (D)
  A hornet (D)
  A slime creature (D)
  Sigmund (D)
  2 redbacks (D)
  A yak (D)
  2 floating eyes (D)
  An ogre (D)
  A jelly (D)
  Ijyb (D)
  3 ballistomycetes (D)
  A ballistomycete spore (D)
22 creatures vanquished.

Vanquished Creatures (others)
  A gargoyle (D)
  A ballistomycete spore (D)
2 creatures vanquished.

Grand Total: 24 creatures vanquished

Notes
Turn   | Place    | Note
-------+----------+-------------------------------------------
     0 | D        | wilfster70 the Gnoll Enchanter began the quest for the Orb.
     0 | D        | Reached XP level 1. HP: 13/13 MP: 6/6
     1 | D        | Noticed Ijyb
     8 | D        | Killed Ijyb
     8 | D        | Reached skill level 1 in Fighting
     8 | D        | Reached skill level 1 in Long Blades
     8 | D        | Reached skill level 1 in Axes
     8 | D        | Reached skill level 1 in Maces & Flails
     8 | D        | Reached skill level 1 in Polearms
     8 | D        | Reached skill level 1 in Staves
     8 | D        | Reached skill level 1 in Slings
     8 | D        | Reached skill level 1 in Bows
     8 | D        | Reached skill level 1 in Crossbows
     8 | D        | Reached skill level 1 in Throwing
     8 | D        | Reached skill level 1 in Armour
     8 | D        | Reached skill level 1 in Shields
     8 | D        | Reached skill level 1 in Unarmed Combat
     8 | D        | Reached skill level 5 in Spellcasting
     8 | D        | Reached skill level 1 in Conjurations
     8 | D        | Reached skill level 1 in Charms
     8 | D        | Reached skill level 1 in Summonings
     8 | D        | Reached skill level 1 in Necromancy
     8 | D        | Reached skill level 1 in Translocations
     8 | D        | Reached skill level 1 in Transmutations
     8 | D        | Reached skill level 1 in Fire Magic
     8 | D        | Reached skill level 1 in Ice Magic
     8 | D        | Reached skill level 1 in Air Magic
     8 | D        | Reached skill level 1 in Earth Magic
     8 | D        | Reached skill level 1 in Poison Magic
     8 | D        | Reached skill level 1 in Invocations
     8 | D        | Reached skill level 1 in Evocations
     8 | D        | Reached XP level 2. HP: 22/22 MP: 8/8
     8 | D        | Reached XP level 3. HP: 27/27 MP: 9/9
    16 | D        | Learned a level 2 spell: Ensorcelled Hibernation
    20 | D        | Learned a level 3 spell: Confuse
    53 | D        | Noticed an ogre
    55 | D        | Killed an ogre
    55 | D        | Reached skill level 5 in Dodging
    55 | D        | Reached XP level 4. HP: 34/34 MP: 7/11
    97 | D        | Noticed Sigmund
   103 | D        | Killed Sigmund
   103 | D        | Reached skill level 5 in Short Blades
   103 | D        | Reached XP level 5. HP: 31/42 MP: 8/14
   103 | D        | Reached XP level 6. HP: 35/48 MP: 8/15
   195 | D        | Found a deep blue altar of Sif Muna.
   196 | D        | Found an ornate altar of the Wu Jian Council.
   197 | D        | Found a radiant altar of Vehumet.
   362 | D        | Found Vup Wong's Book Emporium.
   362 | D        | Found an ancient bone altar of Kikubaaqudgha.
   362 | D        | Found a hazy altar of Hepliaklqana.
   362 | D        | Found a stormy altar of Qazlal.
   362 | D        | Found a hide-covered altar of Uskayaw.
   362 | D        | Found a blossoming altar of Fedhas.
   362 | D        | Found a bloodstained altar of Trog.
   362 | D        | Found an iron altar of Okawaru.
   362 | D        | Found a basalt altar of Yredelemnul.
   362 | D        | Found a glowing golden altar of the Shining One.
   362 | D        | Found a snail-covered altar of Cheibriados.
   362 | D        | Found a sacrificial altar of Ru.
   362 | D        | Found a glowing silver altar of Zin.
   362 | D        | Found a shadowy altar of Dithmenos.
   362 | D        | Found a white marble altar of Elyvilon.
   362 | D        | Noticed a yak
   363 | D        | Found an opulent altar of Gozag.
   364 | D        | Killed a yak
   364 | D        | Reached skill level 5 in Fighting
   364 | D        | Reached skill level 5 in Long Blades
   364 | D        | Reached skill level 5 in Axes
   364 | D        | Reached skill level 5 in Maces & Flails
   364 | D        | Reached skill level 5 in Polearms
   364 | D        | Reached skill level 5 in Staves
   364 | D        | Reached skill level 5 in Slings
   364 | D        | Reached skill level 5 in Bows
   364 | D        | Reached skill level 5 in Crossbows
   364 | D        | Reached skill level 5 in Throwing
   364 | D        | Reached skill level 5 in Armour
   364 | D        | Reached skill level 5 in Shields
   364 | D        | Reached skill level 5 in Unarmed Combat
   364 | D        | Reached skill level 5 in Invocations
   364 | D        | Reached skill level 5 in Evocations
   364 | D        | Reached XP level 7. HP: 56/56 MP: 15/17
   365 | D        | Found a sparkling altar of Nemelex Xobeh.
   371 | D        | Became a worshipper of Dithmenos the Shadowed
   380 | D        | Noticed Sonja
   393 | D        | Killed Sonja
   393 | D        | Reached skill level 5 in Conjurations
   393 | D        | Reached skill level 5 in Charms
   393 | D        | Reached skill level 5 in Summonings
   393 | D        | Reached skill level 5 in Necromancy
   393 | D        | Reached skill level 5 in Translocations
   393 | D        | Reached skill level 5 in Transmutations
   393 | D        | Reached skill level 5 in Fire Magic
   393 | D        | Reached skill level 5 in Ice Magic
   393 | D        | Reached skill level 5 in Air Magic
   393 | D        | Reached skill level 5 in Earth Magic
   393 | D        | Reached skill level 5 in Poison Magic
   393 | D        | Reached XP level 8. HP: 6/64 MP: 10/20
   646 | D        | Found Doepoej's General Store.
   666 | D        | Noticed a deep troll
   670 | D        | Killed a deep troll
   678 | D        | Found Qaril's Armour Emporium.
   685 | D        | Bought a +2 helmet of intelligence for 258 gold pieces
   716 | D        | Got an iridescent whip
   717 | D        | Identified the +1 whip "Laotadgh" {drain, Int+9} (You found it in the Dungeon)
   721 | D        | Noticed a centaur warrior
   723 | D        | Noticed a centaur warrior
   727 | D        | Killed a centaur warrior
   727 | D        | Reached * piety under Dithmenos
   727 | D        | Reached XP level 9. HP: 22/72 MP: 14/22
   728 | D        | HP: 2/72 [centaur warrior (12)]
   733 | D        | Killed a centaur warrior
  1063 | D        | Noticed a hornet
  1066 | D        | Killed a hornet
  1066 | D        | Reached skill level 10 in Stealth
  1076 | D        | Noticed an oklob plant
  1078 | D        | Killed an oklob plant
  1078 | D        | Reached ** piety under Dithmenos
  1078 | D        | Reached XP level 10. HP: 80/80 MP: 23/23
  1215 | D        | Got a jewelled dagger
  1216 | D        | Identified the +10 dagger "Rapoehot" {drain, MR+} (You found it in the Dungeon)
  1295 | D        | Killed a gargoyle
  1374 | D        | Bought a ration for 50 gold pieces
  1404 | D        | Found a viscous altar of Jiyva.
  1404 | D        | Found a corrupted altar of Lugonu.
  1405 | D        | Found a burning altar of Makhleb.
  1405 | D        | Found a shimmering altar of Xom.
  1407 | D        | Reached *** piety under Dithmenos
  1420 | D        | Noticed a kobold demonologist
  1421 | D        | Noticed a kobold demonologist
  1423 | D        | Noticed a smoke demon
  1425 | D        | Killed a kobold demonologist
  1425 | D        | Reached skill level 10 in Spellcasting
  1429 | D        | Killed a kobold demonologist
  1508 | D        | Slain by a demonic crawler

Skill      XL: |  1  2  3  4  5  6  7  8  9 10 |
---------------+-------------------------------+-----
Fighting       | 1 2 4 5 6 7 8 |  8.8
Short Blades   | 3 4 5 6 7 8 9 |  9.2
Long Blades    | 1 2 4 5 6 7 8 |  8.8
Axes           | 1 2 4 5 6 7 8 |  8.8
Maces & Flails | 1 2 4 5 6 7 8 |  8.8
Polearms       | 1 2 4 5 6 7 8 |  8.8
Staves         | 1 2 4 5 6 7 8 |  8.8
Slings         | 1 2 4 5 6 7 8 |  8.8
Bows           | 1 2 4 5 6 7 8 |  8.8
Crossbows      | 1 2 4 5 6 7 8 |  8.8
Throwing       | 1 2 4 5 6 7 8 |  8.8
Armour         | 1 2 4 5 6 7 8 |  8.8
Stealth        | 6 7 8 9 10 | 10.6
Shields        | 1 2 4 5 6 7 8 |  8.8
Unarmed Combat | 1 2 4 5 6 7 8 |  8.8
Spellcasting   | 5 6 7 8 9 10 | 10.1
Conjurations   | 1 2 3 4 5 6 7 |  7.3
Charms         | 1 2 3 4 5 6 7 |  7.3
Summonings     | 1 2 3 4 5 6 7 |  7.3
Necromancy     | 1 2 3 4 5 6 7 |  7.3
Translocations | 1 2 3 4 5 6 7 |  7.3
Transmutations | 1 2 3 4 5 6 7 |  7.3
Fire Magic     | 1 2 3 4 5 6 7 |  7.3
Ice Magic      | 1 2 3 4 5 6 7 |  7.3
Air Magic      | 1 2 3 4 5 6 7 |  7.3
Earth Magic    | 1 2 3 4 5 6 7 |  7.3
Poison Magic   | 1 2 3 4 5 6 7 |  7.3
Invocations    | 1 3 4 5 6 8 9 |  9.6
Evocations     | 1 2 4 5 6 7 8 |  8.8
Dodging        | 5 6 7 8 9 |  9.9
Hexes          | 6 7 8 9 |  9.2

Action                   |  1- 3 |  4- 6 |  7- 9 | 10-12 || total
-------------------------+-------+-------+-------+-------++-------
Melee: Dagger            |     5 |     5 |     9 |    35 ||    54
       Bite              |     1 |       |       |     8 ||     9
       Punch             |       |       |       |     2 ||     2
 Cast: Ensorcelled Hiber |     1 |     4 |    10 |     6 ||    21
  Use: Potion            |     1 |       |     2 |       ||     3
 Stab: Sleeping          |     1 |     3 |     6 |     8 ||    18
  Eat: Ration            |       |       |       |     1 ||     1
Armor: Robe              |     1 |       |     1 |     5 ||     7
Dodge: Dodged            |     2 |     2 |     5 |    33 ||    42
